Oilers vs Flames
Created - December 9, 2021 at 19:09
Goals
|
| Oilers |
0 |
2 |
1 |
1 |
4 |
| Flames |
0 |
1 |
2 |
0 |
3 |
|
Shots
|
| Oilers |
12 |
14 |
14 |
2 |
42 |
| Flames |
10 |
15 |
9 |
1 |
35 |
|
1st period
No Goal
Penalties :
James Reimer (Edm) for Delaying the game (Minor) at 8:35 - Darnell Nurse served the penalty, Shea Weber (Edm) for Slashing (Minor) at 15:51, Eric Staal (Cal) for Roughing (Minor) at 16:06
2nd period
1. Flames , Colin Wilson 1 (Bryan Rust 2, Erik Johnson 2) at 2:27
2. Oilers , Rasmus Ristolainen 1 (Yanni Gourde 1, Leon Draisaitl 1) at 5:49
3. Oilers , Jordan Eberle 2 (Ryan O'Reilly 3) at 9:37
Penalties :
Ryan O'Reilly (Edm) for Holding (Minor) at 2:32, Anton Slepyshev (Edm) for Delaying the game (Minor) at 11:42
3rd period
4. Flames , David Ullstrom 1 (Anders Lee 1, Kyle Palmieri 1) at 6:50
5. Oilers , Ryan O'Reilly 2 (Taylor Hall 1) at 8:01
6. Flames , Christian Folin 1 (Erik Johnson 3) at 18:28
Penalties :
Taylor Hall (Edm) for Tripping (Minor) at 0:05, Erik Johnson (Cal) for Interference (Minor) at 4:16, Darnell Nurse (Edm) for Boarding (Minor) at 8:22, Ryan O'Reilly (Edm) for Holding (Minor) at 14:55, Brad Marchand (Cal) for Tripping (Minor) at 15:56
Overtime #1
7. Oilers , Ryan O'Reilly 3 (Benoit Pouliot 2) at 2:44
Penalties :
No Penalty
Goalie Stats
James Reimer (Edm), 32 saves from 35 shots - (0.914), W, 3-0-0, 62:44 minutes
Henrik Lundqvist (Cal), 38 saves from 42 shots - (0.905), OTL, 1-0-1, 62:44 minutes
Players Stats for Oilers
Player Name G A P +/- PIM S H SB GA TA FO MP PP MP PK MP
------------------------------------------------------------------------------------
Adam Larsson 0 0 0 2 0 0 0 0 0 1 0/0 23:01 0:57 4:26
Anton Slepyshev 0 0 0 0 2 0 0 0 0 0 0/0 9:07 0:00 2:02
Benoit Pouliot 0 1 1 1 0 5 0 0 0 0 0/3 15:29 0:49 3:03
Connor McDavid 0 0 0 0 0 4 0 0 0 0 7/17 12:19 0:49 1:36
Darnell Nurse 0 0 0 0 2 3 0 5 0 0 0/0 27:22 2:18 4:03
Frederik Gauthier 0 0 0 0 0 0 1 0 0 0 0/3 6:47 0:00 0:09
Jordan Eberle 1 0 1 1 0 3 2 0 1 0 1/1 24:53 2:11 5:57
Kasperi Kapanen 0 0 0 0 0 1 0 0 1 0 0/0 7:09 0:00 0:00
Leon Draisaitl 0 1 1 -1 0 3 0 0 0 1 0/1 12:35 0:00 0:00
Nail Yakupov 0 0 0 -1 0 1 1 0 0 0 2/2 15:37 0:15 3:08
Oscar Klefbom 0 0 0 -1 0 3 0 0 0 0 0/0 11:21 0:15 0:12
Pavel Buchnevich 0 0 0 0 0 1 1 0 1 1 0/1 10:53 0:49 0:00
Rasmus Ristolainen 1 0 1 0 0 3 0 3 0 1 0/0 29:52 2:18 6:45
Ryan O'Reilly 2 1 3 2 4 4 1 0 0 1 10/23 18:56 2:11 1:47
Shea Weber 0 0 0 2 2 2 0 1 1 0 0/0 21:56 0:57 4:14
Taylor Hall 0 1 1 1 2 5 1 1 0 0 8/12 24:00 2:11 4:40
Tobias Enstrom 0 0 0 -1 0 0 0 0 0 0 0/0 12:44 0:00 2:42
Yanni Gourde 0 1 1 -1 0 4 4 1 0 1 3/7 12:56 0:15 0:00
Players Stats for Flames
Player Name G A P +/- PIM S H SB GA TA FO MP PP MP PK MP
------------------------------------------------------------------------------------
Alexander Semin 0 0 0 -2 0 2 2 0 0 1 1/4 23:10 6:32 1:21
Anders Lee 0 1 1 0 0 2 1 1 0 0 3/4 8:43 0:03 0:16
Brad Marchand 0 0 0 1 2 1 1 0 2 0 2/2 15:43 4:35 0:37
Bryan Rust 0 1 1 1 0 2 0 0 0 0 3/3 12:15 0:03 0:00
Christian Folin 1 0 1 1 0 1 0 0 0 0 0/0 12:19 0:00 1:38
Colby Robak 0 0 0 -3 0 1 2 0 0 1 0/0 20:46 4:28 1:17
Colin Wilson 1 0 1 1 0 4 0 1 1 0 1/6 13:56 0:03 0:15
David Backes 0 0 0 -2 0 1 0 0 2 0 2/2 23:35 6:32 1:17
David Savard 0 0 0 -3 0 0 2 0 1 1 0/0 20:46 4:28 1:17
David Ullstrom 1 0 1 0 0 1 1 0 0 0 0/0 7:08 0:00 0:00
Eric Staal 0 0 0 -2 2 5 2 0 0 0 13/32 23:03 6:31 1:17
Erik Johnson 0 2 2 2 2 4 2 0 0 0 0/0 30:32 6:43 0:40
Esa Lindell 0 0 0 0 0 1 0 0 0 0 0/0 10:08 0:00 0:00
Jimmy Hayes 0 0 0 0 0 0 1 1 0 0 1/1 14:33 4:36 0:00
Kyle Palmieri 0 1 1 0 0 2 0 0 0 0 1/1 7:08 0:00 0:00
Patrik Berglund 0 0 0 0 0 1 1 0 0 0 12/15 17:10 4:36 0:50
Sami Vatanen 0 0 0 1 0 0 1 3 0 1 0/0 30:57 6:43 1:38
Tanner Pearson 0 0 0 1 0 7 1 0 0 0 0/0 13:04 0:00 0:37
3 Stars
1 - Ryan O'Reilly (Edm)
2 - Jordan Eberle (Edm)
3 - Rasmus Ristolainen (Edm)
Power Play
Oilers - 0 on 3 Attempt(s) - 0.00%
Flames - 0 on 7 Attempt(s) - 0.00%
Penalty Kill
Oilers - 7 on 7 Attempt(s) - 100.00%
- Score 0 goal in Penalty Kill
Flames - 3 on 3 Attempt(s) - 100.00%
- Score 0 goal in Penalty Kill
Team Stat
Oilers - Hits : 11 - Faceoff Wins : 31 - Blocked Shots : 11 - Penalty Minutes : 14
Flames - Hits : 17 - Faceoff Wins : 39 - Blocked Shots : 6 - Penalty Minutes : 6
Official
Referees : Kyle Rehman and Francis Charron
Linesman : Steve Miller and Kory Nagy
Game Notes
No Game Note
Finance
Level 1 -- Attendance: 5554 (92.57%) -- Ticket Income $555,400
Level 2 -- Attendance: 5000 (100.00%) -- Ticket Income $300,000
Level 3 -- Attendance: 1877 (93.85%) -- Ticket Income $65,695
Level 4 -- Attendance: 4000 (100.00%) -- Ticket Income $100,000
Luxury Box -- Attendance: 1000 (100.00%) -- Ticket Income $200,000
Game was played at the Scotiabank Saddledome.
Total Attendance: 17431 (96.84%)
Total Ticket Income: $1,221,095
Other Income: $183,164
Total Income: $1,404,259
Oilers
5 vs 5 Forward
Center Left Wing Right Wing Time % Phy DF OF
1 Ryan O'Reilly Taylor Hall Jordan Eberle 40 1 2 2
2 Connor McDavid Benoit Pouliot Pavel Buchnevich 30 1 2 2
3 Yanni Gourde Leon Draisaitl Nail Yakupov 20 1 2 2
4 Frederik Gauthier Anton Slepyshev Kasperi Kapanen 10 1 2 2
5 vs 5 Defense
Defense Defense Time % Phy DF OF
1 Rasmus Ristolainen Darnell Nurse 40 1 2 2
2 Adam Larsson Shea Weber 30 1 2 2
3 Oscar Klefbom Tobias Enstrom 20 1 2 2
4 Rasmus Ristolainen Darnell Nurse 10 1 2 2
PowerPlay Forward
Center Left Wing Right Wing Time % Phy DF OF
1 Ryan O'Reilly Taylor Hall Jordan Eberle 60 1 2 2
2 Connor McDavid Benoit Pouliot Pavel Buchnevich 40 1 2 2
PowerPlay Defense
Defense Defense Time % Phy DF OF
1 Rasmus Ristolainen Darnell Nurse 60 1 2 2
2 Adam Larsson Shea Weber 40 1 2 2
Penalty Kill 4 Players Forward
Center Wing Time % Phy DF OF
1 Taylor Hall Jordan Eberle 60 1 2 2
2 Ryan O'Reilly Benoit Pouliot 40 1 2 2
Penalty Kill 4 Players Defense
Defense Defense Time % Phy DF OF
1 Rasmus Ristolainen Darnell Nurse 60 1 2 2
2 Adam Larsson Shea Weber 40 1 2 2
Penalty Kill - 3 Players Forward
Forward Time % Phy DF OF
1 Taylor Hall 60 1 2 2
2 Jordan Eberle 40 1 2 2
Penalty Kill - 3 Players Defense
Defense Defense Time % Phy DF OF
1 Rasmus Ristolainen Darnell Nurse 60 1 2 2
2 Adam Larsson Shea Weber 40 1 2 2
4 vs 4 Forward
Center Wing Time % Phy DF OF
1 Taylor Hall Jordan Eberle 60 1 2 2
2 Ryan O'Reilly Benoit Pouliot 40 1 2 2
4 vs 4 Defense
Defense Defense Time % Phy DF OF
1 Rasmus Ristolainen Darnell Nurse 60 1 2 2
2 Adam Larsson Shea Weber 40 1 2 2
Last Minutes Offensive
Center Left Wing Right Wing Defense Defense
Ryan O'Reilly Taylor Hall Jordan Eberle Rasmus Ristolainen Darnell Nurse
Last Minutes Defensive
Center Left Wing Right Wing Defense Defense
Ryan O'Reilly Taylor Hall Jordan Eberle Rasmus Ristolainen Darnell Nurse
Goaltenders
Starting : James Reimer
Backup : Jonas Hiller
Extra Forwards
Normal : Leon Draisaitl, Yanni Gourde, Nail Yakupov - PP : Leon Draisaitl, Yanni Gourde - PK : Nail Yakupov
Extra Defensemen
Normal : Oscar Klefbom, Tobias Enstrom, Adam Larsson - PP : Oscar Klefbom - PK : Tobias Enstrom, Adam Larsson
Penalty Shots
Taylor Hall, Jordan Eberle, Ryan O'Reilly, Benoit Pouliot, Connor McDavid
Scratches
Duncan Keith (Healthy), Jordan Caron (Healthy)
Flames
5 vs 5 Forward
Center Left Wing Right Wing Time % Phy DF OF
1 Eric Staal Alexander Semin David Backes 40 1 2 2
2 Patrik Berglund Brad Marchand Jimmy Hayes 30 1 2 2
3 Colin Wilson Tanner Pearson Bryan Rust 20 1 2 2
4 Anders Lee David Ullstrom Kyle Palmieri 10 1 2 2
5 vs 5 Defense
Defense Defense Time % Phy DF OF
1 Erik Johnson Sami Vatanen 40 1 2 2
2 Colby Robak David Savard 30 1 2 2
3 Esa Lindell Christian Folin 20 1 2 2
4 Erik Johnson Sami Vatanen 10 1 2 2
PowerPlay Forward
Center Left Wing Right Wing Time % Phy DF OF
1 Eric Staal Alexander Semin David Backes 60 1 2 2
2 Patrik Berglund Brad Marchand Jimmy Hayes 40 1 2 2
PowerPlay Defense
Defense Defense Time % Phy DF OF
1 Erik Johnson Sami Vatanen 60 1 2 2
2 Colby Robak David Savard 40 1 2 2
Penalty Kill 4 Players Forward
Center Wing Time % Phy DF OF
1 Eric Staal David Backes 60 1 2 2
2 Alexander Semin Patrik Berglund 40 1 2 2
Penalty Kill 4 Players Defense
Defense Defense Time % Phy DF OF
1 Erik Johnson Sami Vatanen 60 1 2 2
2 Colby Robak David Savard 40 1 2 2
Penalty Kill - 3 Players Forward
Forward Time % Phy DF OF
1 Eric Staal 60 1 2 2
2 David Backes 40 1 2 2
Penalty Kill - 3 Players Defense
Defense Defense Time % Phy DF OF
1 Erik Johnson Sami Vatanen 60 1 2 2
2 Colby Robak David Savard 40 1 2 2
4 vs 4 Forward
Center Wing Time % Phy DF OF
1 Eric Staal David Backes 60 1 2 2
2 Alexander Semin Patrik Berglund 40 1 2 2
4 vs 4 Defense
Defense Defense Time % Phy DF OF
1 Erik Johnson Sami Vatanen 60 1 2 2
2 Colby Robak David Savard 40 1 2 2
Last Minutes Offensive
Center Left Wing Right Wing Defense Defense
Eric Staal Alexander Semin David Backes Erik Johnson Sami Vatanen
Last Minutes Defensive
Center Left Wing Right Wing Defense Defense
Eric Staal Alexander Semin David Backes Erik Johnson Sami Vatanen
Goaltenders
Starting : Henrik Lundqvist
Backup : Christopher Gibson
Extra Forwards
Normal : Colin Wilson, Anders Lee, Tanner Pearson - PP : Colin Wilson, Anders Lee - PK : Tanner Pearson
Extra Defensemen
Normal : Esa Lindell, Christian Folin, Colby Robak - PP : Esa Lindell - PK : Christian Folin, Colby Robak
Penalty Shots
Eric Staal, David Backes, Alexander Semin, Patrik Berglund, Brad Marchand
Scratches
Brendan Mikkelson (Healthy), Vladimir Sobotka (Healthy)
% Time on Ice - Oilers
Lines # - Real PCT - Wanted PCT - Time Play
Normal Forward
1 - 36% - 40% - 15:14
2 - 24% - 30% - 10:11
3 - 25% - 20% - 10:49
4 - 15% - 10% - 6:38
Normal Defense
1 - 40% - 40% - 17:16
2 - 33% - 30% - 14:14
3 - 23% - 20% - 9:51
4 - 4% - 10% - 1:31
PP Forward
1 - 75% - 60% - 2:26
2 - 25% - 40% - 0:49
PP Defense
1 - 71% - 60% - 2:18
2 - 29% - 40% - 0:57
PK Forward
1 - 74% - 60% - 8:19
2 - 26% - 40% - 2:52
PK Defense
1 - 62% - 60% - 6:57
2 - 38% - 40% - 4:14
PK3 Forward
1 - 0% - 60%
2 - 0% - 40%
PK3 Defense
1 - 0% - 60%
2 - 0% - 40%
44 Forward
1 - 74% - 60% - 4:00
2 - 26% - 40% - 1:26
44 Defense
1 - 57% - 60% - 3:05
2 - 43% - 40% - 2:21
Last Minute Offensive - 0:00
Last Minute Defensive - 0:00
Total
Forward - 62:44
Defense - 62:44
|
% Time on Ice - Flames
Lines # - Real PCT - Wanted PCT - Time Play
Normal Forward
1 - 31% - 40% - 13:18
2 - 25% - 30% - 10:31
3 - 28% - 20% - 11:55
4 - 17% - 10% - 7:08
Normal Defense
1 - 42% - 40% - 17:58
2 - 31% - 30% - 13:25
3 - 24% - 20% - 10:08
4 - 3% - 10% - 1:21
PP Forward
1 - 59% - 60% - 6:35
2 - 41% - 40% - 4:36
PP Defense
1 - 60% - 60% - 6:43
2 - 40% - 40% - 4:28
PK Forward
1 - 74% - 60% - 2:25
2 - 26% - 40% - 0:50
PK Defense
1 - 61% - 60% - 1:58
2 - 39% - 40% - 1:17
PK3 Forward
1 - 0% - 60%
2 - 0% - 40%
PK3 Defense
1 - 0% - 60%
2 - 0% - 40%
44 Forward
1 - 77% - 60% - 4:12
2 - 23% - 40% - 1:14
44 Defense
1 - 71% - 60% - 3:50
2 - 29% - 40% - 1:36
Last Minute Offensive - 0:00
Last Minute Defensive - 0:00
Total
Forward - 62:44
Defense - 62:44
|
Play-by-Play
1st period
0:01 of 1st period - David Backes wins face-off versus Ryan O'Reilly in neutral zone.
0:16 of 1st period - Slapshot by Eric Staal.
0:16 of 1st period - Deflect By Alexander Semin.
0:16 of 1st period - Shot Blocked by Taylor Hall.
0:16 of 1st period - Puck is out of play.
0:17 of 1st period - Patrik Berglund wins face-off versus Connor McDavid in Oilers zone.
0:54 of 1st period - Snap shot by Nail Yakupov.
0:54 of 1st period - Shot Misses the Net.
1:30 of 1st period - Wrist shot by Oscar Klefbom.
1:30 of 1st period - Deflect By Christian Folin.
1:30 of 1st period - Stopped by Henrik Lundqvist with a rebound.
1:32 of 1st period - Slapshot by Oscar Klefbom.
1:32 of 1st period - Stopped by Henrik Lundqvist without a rebound.
1:33 of 1st period - Patrik Berglund wins face-off versus Frederik Gauthier in Flames zone.
2:00 of 1st period - Slapshot by Kasperi Kapanen.
2:00 of 1st period - Shot Misses the Net.
2:05 of 1st period - Icing by Patrik Berglund.
2:06 of 1st period - Patrik Berglund wins face-off versus Connor McDavid in Flames zone.
2:10 of 1st period - Off-side.
2:11 of 1st period - Connor McDavid wins face-off versus Eric Staal in neutral zone.
2:15 of 1st period - Off-side.
2:16 of 1st period - Eric Staal wins face-off versus Connor McDavid in neutral zone.
2:43 of 1st period - Slapshot by Rasmus Ristolainen.
2:43 of 1st period - Deflect By Christian Folin.
2:43 of 1st period - Stopped by Henrik Lundqvist with a rebound.
2:45 of 1st period - Wrist shot by Darnell Nurse.
2:45 of 1st period - Stopped by Henrik Lundqvist with a rebound.
2:47 of 1st period - Slapshot by Darnell Nurse.
2:47 of 1st period - Deflect By Colin Wilson.
2:47 of 1st period - Stopped by Henrik Lundqvist without a rebound.
2:48 of 1st period - Ryan O'Reilly wins face-off versus Colin Wilson in Flames zone.
2:51 of 1st period - Wrist shot by Taylor Hall.
2:51 of 1st period - Shot Blocked by Colin Wilson.
3:15 of 1st period - Eric Staal is hit by Yanni Gourde and loses puck.
4:09 of 1st period - Backhand shot by Kyle Palmieri.
4:09 of 1st period - Stopped by James Reimer with a rebound.
4:58 of 1st period - Adam Larsson is hit by Jimmy Hayes and loses puck.
5:13 of 1st period - Snap shot by Nail Yakupov.
5:13 of 1st period - Deflect By Leon Draisaitl.
5:13 of 1st period - Shot Misses the Net.
5:13 of 1st period - Puck is out of play.
5:14 of 1st period - Anders Lee wins face-off versus Ryan O'Reilly in Flames zone.
6:25 of 1st period - Snap shot by Leon Draisaitl.
6:25 of 1st period - Stopped by Henrik Lundqvist without a rebound.
6:26 of 1st period - Colin Wilson wins face-off versus Ryan O'Reilly in Flames zone.
6:31 of 1st period - Taylor Hall is hit by Tanner Pearson and loses puck.
7:02 of 1st period - Wrist shot by Ryan O'Reilly.
7:02 of 1st period - Shot Misses the Net.
8:17 of 1st period - Snap shot by Tanner Pearson.
8:17 of 1st period - Stopped by James Reimer without a rebound.
8:18 of 1st period - Eric Staal wins face-off versus Benoit Pouliot in Oilers zone.
8:31 of 1st period - Snap shot by Eric Staal.
8:31 of 1st period - Shot Hit the Post.
8:33 of 1st period - Slapshot by Alexander Semin.
8:33 of 1st period - Stopped by James Reimer with a rebound.
8:35 of 1st period - Slapshot by Erik Johnson.
8:35 of 1st period - Stopped by James Reimer without a rebound.
8:35 of 1st period - Minor Penalty to James Reimer for Delaying the game.
8:36 of 1st period - Nail Yakupov wins face-off versus Eric Staal in Oilers zone.
9:03 of 1st period - Tobias Enstrom is hit by Eric Staal and loses puck.
9:10 of 1st period - Snap shot by David Backes.
9:10 of 1st period - Stopped by James Reimer with a rebound.
9:12 of 1st period - Snap shot by Eric Staal.
9:12 of 1st period - Stopped by James Reimer without a rebound.
9:13 of 1st period - Brad Marchand wins face-off versus Taylor Hall in Oilers zone.
9:18 of 1st period - Wrist shot by Brad Marchand.
9:18 of 1st period - Shot Misses the Net.
10:35 of 1st period - Penalty to Darnell Nurse is over, Darnell Nurse is back on ice.
10:49 of 1st period - Snap shot by Benoit Pouliot.
10:49 of 1st period - Shot Misses the Net.
11:50 of 1st period - Slapshot by Rasmus Ristolainen.
11:50 of 1st period - Shot Blocked by Sami Vatanen.
12:02 of 1st period - Colby Robak is hit by Ryan O'Reilly and loses puck.
13:14 of 1st period - Snap shot by Ryan O'Reilly.
13:14 of 1st period - Shot Misses the Net.
13:16 of 1st period - Wrist shot by Taylor Hall.
13:16 of 1st period - Stopped by Henrik Lundqvist without a rebound.
13:17 of 1st period - Eric Staal wins face-off versus Connor McDavid in Flames zone.
13:22 of 1st period - Wrist shot by Sami Vatanen.
13:22 of 1st period - Shot Blocked by Darnell Nurse.
14:04 of 1st period - Wrist shot by Eric Staal.
14:04 of 1st period - Deflect By David Backes.
14:04 of 1st period - Shot Blocked by Darnell Nurse.
14:04 of 1st period - Puck is out of play.
14:05 of 1st period - Brad Marchand wins face-off versus Benoit Pouliot in Oilers zone.
14:30 of 1st period - David Ullstrom is hit by Taylor Hall and loses puck.
14:41 of 1st period - Slapshot by Taylor Hall.
14:41 of 1st period - Stopped by Henrik Lundqvist with a rebound.
14:43 of 1st period - Slapshot by Oscar Klefbom.
14:43 of 1st period - Shot Blocked by Anders Lee.
14:59 of 1st period - Snap shot by Tanner Pearson.
14:59 of 1st period - Stopped by James Reimer with a rebound.
15:01 of 1st period - Slapshot by Colby Robak.
15:01 of 1st period - Shot Misses the Net.
15:03 of 1st period - Wrist shot by Bryan Rust.
15:03 of 1st period - Deflect By Colin Wilson.
15:03 of 1st period - Stopped by James Reimer without a rebound.
15:04 of 1st period - Ryan O'Reilly wins face-off versus Eric Staal in Oilers zone.
15:04 of 1st period - Ryan O'Reilly is hit by Alexander Semin.
15:10 of 1st period - Slapshot by Darnell Nurse.
15:10 of 1st period - Stopped by Henrik Lundqvist without a rebound.
15:11 of 1st period - Ryan O'Reilly wins face-off versus Eric Staal in Flames zone.
15:46 of 1st period - Slapshot by Eric Staal.
15:46 of 1st period - Stopped by James Reimer without a rebound.
15:47 of 1st period - Patrik Berglund wins face-off versus Connor McDavid in Oilers zone.
15:51 of 1st period - Minor Penalty to Shea Weber for Slashing.
15:52 of 1st period - Eric Staal wins face-off versus Taylor Hall in Oilers zone.
16:06 of 1st period - Minor Penalty to Eric Staal for Roughing.
16:07 of 1st period - Taylor Hall wins face-off versus Colin Wilson in Flames zone.
16:18 of 1st period - Slapshot by Erik Johnson.
16:18 of 1st period - Deflect By Taylor Hall.
16:18 of 1st period - Stopped by James Reimer with a rebound.
17:51 of 1st period - Penalty to Shea Weber is over, Shea Weber is back on ice.
18:06 of 1st period - Penalty to Eric Staal is over, Eric Staal is back on ice.
18:11 of 1st period - Snap shot by Shea Weber.
18:11 of 1st period - Shot Misses the Net.
18:13 of 1st period - Slapshot by Oscar Klefbom.
18:13 of 1st period - Stopped by Henrik Lundqvist with a rebound.
18:25 of 1st period - Snap shot by Yanni Gourde.
18:25 of 1st period - Shot Misses the Net.
18:27 of 1st period - Snap shot by Shea Weber.
18:27 of 1st period - Stopped by Henrik Lundqvist without a rebound.
18:28 of 1st period - Patrik Berglund wins face-off versus Connor McDavid in Flames zone.
18:39 of 1st period - Snap shot by Connor McDavid.
18:39 of 1st period - Stopped by Henrik Lundqvist without a rebound.
18:40 of 1st period - Jimmy Hayes wins face-off versus Connor McDavid in Flames zone.
19:12 of 1st period - Taylor Hall is hit by David Ullstrom and loses puck.
19:41 of 1st period - Icing by Darnell Nurse.
19:42 of 1st period - Bryan Rust wins face-off versus Frederik Gauthier in Oilers zone.
19:43 of 1st period - Snap shot by Colin Wilson.
19:43 of 1st period - Shot Blocked by Darnell Nurse.
Goals for this period are 0 for Oilers vs 0 for Flames.
Shots for this period are 12 for Oilers vs 10 for Flames.
2nd period
0:01 of 2nd period - Connor McDavid wins face-off versus Eric Staal in neutral zone.
1:27 of 2nd period - Slapshot by Connor McDavid.
1:27 of 2nd period - Stopped by Henrik Lundqvist without a rebound.
1:28 of 2nd period - Eric Staal wins face-off versus Connor McDavid in Flames zone.
1:35 of 2nd period - Snap shot by Eric Staal.
1:35 of 2nd period - Deflect By Benoit Pouliot.
1:35 of 2nd period - Shot Misses the Net.
1:35 of 2nd period - Puck is out of play.
1:36 of 2nd period - Eric Staal wins face-off versus Ryan O'Reilly in Oilers zone.
1:39 of 2nd period - Slapshot by Eric Staal.
1:39 of 2nd period - Stopped by James Reimer with a rebound.
1:45 of 2nd period - Snap shot by Jordan Eberle.
1:45 of 2nd period - Stopped by Henrik Lundqvist with a rebound.
1:47 of 2nd period - Wrist shot by Jordan Eberle.
1:47 of 2nd period - Shot Hit the Post.
2:03 of 2nd period - Adam Larsson is hit by Erik Johnson.
2:27 of 2nd period - Snap shot by Colin Wilson.
2:27 of 2nd period - Goal by Colin Wilson - Oilers : 0 - Flames : 1.
2:28 of 2nd period - Eric Staal wins face-off versus Ryan O'Reilly in neutral zone.
2:32 of 2nd period - Minor Penalty to Ryan O'Reilly for Holding.
2:33 of 2nd period - Taylor Hall wins face-off versus Eric Staal in Oilers zone.
2:42 of 2nd period - Darnell Nurse is hit by Eric Staal and loses puck.
4:32 of 2nd period - Penalty to Ryan O'Reilly is over, Ryan O'Reilly is back on ice.
4:44 of 2nd period - Snap shot by Anton Slepyshev.
4:44 of 2nd period - Shot Misses the Net.
5:07 of 2nd period - Off-side.
5:08 of 2nd period - Anders Lee wins face-off versus Yanni Gourde in neutral zone.
5:27 of 2nd period - Colby Robak is hit by Yanni Gourde.
5:35 of 2nd period - Rasmus Ristolainen is hit by Anders Lee.
5:47 of 2nd period - Snap shot by Yanni Gourde.
5:47 of 2nd period - Stopped by Henrik Lundqvist with a rebound.
5:49 of 2nd period - Slapshot by Rasmus Ristolainen.
5:49 of 2nd period - Deflect By Anders Lee.
5:49 of 2nd period - Goal by Rasmus Ristolainen - Oilers : 1 - Flames : 1.
5:50 of 2nd period - Eric Staal wins face-off versus Ryan O'Reilly in neutral zone.
6:27 of 2nd period - Snap shot by Patrik Berglund.
6:27 of 2nd period - Shot Misses the Net.
6:37 of 2nd period - Snap shot by Colin Wilson.
6:37 of 2nd period - Stopped by James Reimer without a rebound.
6:38 of 2nd period - Yanni Gourde wins face-off versus Colin Wilson in Oilers zone.
6:51 of 2nd period - Slapshot by Tanner Pearson.
6:51 of 2nd period - Stopped by James Reimer with a rebound.
6:53 of 2nd period - Slapshot by Erik Johnson.
6:53 of 2nd period - Shot Blocked by Darnell Nurse.
6:55 of 2nd period - Wrist shot by Tanner Pearson.
6:55 of 2nd period - Stopped by James Reimer with a rebound.
6:57 of 2nd period - Wrist shot by Tanner Pearson.
6:57 of 2nd period - Shot Blocked by Rasmus Ristolainen.
6:59 of 2nd period - Snap shot by Colin Wilson.
6:59 of 2nd period - Stopped by James Reimer with a rebound.
7:01 of 2nd period - Slapshot by Sami Vatanen.
7:01 of 2nd period - Shot Blocked by Darnell Nurse.
8:05 of 2nd period - Wrist shot by Tanner Pearson.
8:05 of 2nd period - Shot Misses the Net.
8:07 of 2nd period - Snap shot by Tanner Pearson.
8:07 of 2nd period - Shot Misses the Net.
8:23 of 2nd period - Snap shot by Rasmus Ristolainen.
8:23 of 2nd period - Deflect By Nail Yakupov.
8:23 of 2nd period - Stopped by Henrik Lundqvist with a rebound.
9:17 of 2nd period - Backhand shot by Tanner Pearson.
9:17 of 2nd period - Stopped by James Reimer with a rebound.
9:19 of 2nd period - Snap shot by Bryan Rust.
9:19 of 2nd period - Stopped by James Reimer without a rebound.
9:20 of 2nd period - Ryan O'Reilly wins face-off versus Alexander Semin in Oilers zone.
9:35 of 2nd period - Slapshot by Ryan O'Reilly.
9:35 of 2nd period - Stopped by Henrik Lundqvist with a rebound.
9:37 of 2nd period - Snap shot by Jordan Eberle.
9:37 of 2nd period - Goal by Jordan Eberle - Oilers : 2 - Flames : 1.
9:38 of 2nd period - Eric Staal wins face-off versus Ryan O'Reilly in neutral zone.
10:09 of 2nd period - Wrist shot by Benoit Pouliot.
10:09 of 2nd period - Shot Misses the Net.
10:11 of 2nd period - Snap shot by Pavel Buchnevich.
10:11 of 2nd period - Stopped by Henrik Lundqvist without a rebound.
10:12 of 2nd period - Connor McDavid wins face-off versus Patrik Berglund in Flames zone.
10:13 of 2nd period - Slapshot by Benoit Pouliot.
10:13 of 2nd period - Stopped by Henrik Lundqvist without a rebound.
10:14 of 2nd period - Patrik Berglund wins face-off versus Connor McDavid in Flames zone.
10:21 of 2nd period - Pavel Buchnevich is hit by Brad Marchand and loses puck.
10:46 of 2nd period - Backhand shot by Eric Staal.
10:46 of 2nd period - Shot Misses the Net.
10:50 of 2nd period - Snap shot by Eric Staal.
10:50 of 2nd period - Stopped by James Reimer without a rebound.
10:51 of 2nd period - Connor McDavid wins face-off versus Eric Staal in Oilers zone.
10:56 of 2nd period - Slapshot by Shea Weber.
10:56 of 2nd period - Stopped by Henrik Lundqvist without a rebound.
10:57 of 2nd period - Eric Staal wins face-off versus Pavel Buchnevich in Flames zone.
10:57 of 2nd period - Eric Staal is hit by Pavel Buchnevich.
11:03 of 2nd period - Shea Weber is hit by Erik Johnson and loses puck.
11:42 of 2nd period - Minor Penalty to Anton Slepyshev for Delaying the game.
11:43 of 2nd period - Taylor Hall wins face-off versus Eric Staal in Oilers zone.
13:42 of 2nd period - Penalty to Anton Slepyshev is over, Anton Slepyshev is back on ice.
13:54 of 2nd period - Wrist shot by Kyle Palmieri.
13:54 of 2nd period - Shot Misses the Net.
13:56 of 2nd period - Wrist shot by Kyle Palmieri.
13:56 of 2nd period - Shot Blocked by Shea Weber.
13:58 of 2nd period - Snap shot by Anders Lee.
13:58 of 2nd period - Stopped by James Reimer with a rebound.
14:00 of 2nd period - Snap shot by Christian Folin.
14:00 of 2nd period - Shot Hit the Post.
14:02 of 2nd period - Slapshot by Esa Lindell.
14:02 of 2nd period - Stopped by James Reimer without a rebound.
14:03 of 2nd period - Connor McDavid wins face-off versus Colin Wilson in Oilers zone.
14:14 of 2nd period - Slapshot by Bryan Rust.
14:14 of 2nd period - Stopped by James Reimer with a rebound.
14:47 of 2nd period - Wrist shot by Oscar Klefbom.
14:47 of 2nd period - Deflect By Yanni Gourde.
14:47 of 2nd period - Stopped by Henrik Lundqvist without a rebound.
14:48 of 2nd period - Kyle Palmieri wins face-off versus Yanni Gourde in Flames zone.
15:13 of 2nd period - Slapshot by Erik Johnson.
15:13 of 2nd period - Stopped by James Reimer without a rebound.
15:14 of 2nd period - Eric Staal wins face-off versus Ryan O'Reilly in Oilers zone.
15:56 of 2nd period - Wrist shot by Jordan Eberle.
15:56 of 2nd period - Stopped by Henrik Lundqvist without a rebound.
15:57 of 2nd period - Connor McDavid wins face-off versus Alexander Semin in Flames zone.
16:33 of 2nd period - Snap shot by Leon Draisaitl.
16:33 of 2nd period - Shot Blocked by Jimmy Hayes.
16:47 of 2nd period - Wrist shot by Kasperi Kapanen.
16:47 of 2nd period - Shot Blocked by Sami Vatanen.
16:49 of 2nd period - Slapshot by Shea Weber.
16:49 of 2nd period - Shot Hit the Post.
17:11 of 2nd period - Wrist shot by Alexander Semin.
17:11 of 2nd period - Stopped by James Reimer with a rebound.
17:48 of 2nd period - Off-side.
17:49 of 2nd period - Patrik Berglund wins face-off versus Ryan O'Reilly in neutral zone.
18:46 of 2nd period - Slapshot by Leon Draisaitl.
18:46 of 2nd period - Stopped by Henrik Lundqvist with a rebound.
19:00 of 2nd period - Ryan O'Reilly is hit by Colby Robak and loses puck.
19:29 of 2nd period - Wrist shot by Benoit Pouliot.
19:29 of 2nd period - Stopped by Henrik Lundqvist with a rebound.
19:49 of 2nd period - Snap shot by Alexander Semin.
19:49 of 2nd period - Shot Blocked by Yanni Gourde.
19:51 of 2nd period - Slapshot by Erik Johnson.
19:51 of 2nd period - Stopped by James Reimer without a rebound.
19:52 of 2nd period - Patrik Berglund wins face-off versus Benoit Pouliot in Oilers zone.
Goals for this period are 2 for Oilers vs 1 for Flames.
Shots for this period are 14 for Oilers vs 15 for Flames.
3rd period
0:01 of 3rd period - Alexander Semin wins face-off versus Ryan O'Reilly in neutral zone.
0:05 of 3rd period - Minor Penalty to Taylor Hall for Tripping.
0:06 of 3rd period - Nail Yakupov wins face-off versus Eric Staal in Oilers zone.
0:22 of 3rd period - Slapshot by Rasmus Ristolainen.
0:22 of 3rd period - Shot Misses the Net.
2:05 of 3rd period - Penalty to Taylor Hall is over, Taylor Hall is back on ice.
2:05 of 3rd period - Nail Yakupov is hit by David Savard and loses puck.
2:56 of 3rd period - Slapshot by Benoit Pouliot.
2:56 of 3rd period - Stopped by Henrik Lundqvist with a rebound.
3:02 of 3rd period - Wrist shot by Leon Draisaitl.
3:02 of 3rd period - Shot Misses the Net.
3:04 of 3rd period - Snap shot by Benoit Pouliot.
3:04 of 3rd period - Stopped by Henrik Lundqvist with a rebound.
3:14 of 3rd period - Alexander Semin is hit by Yanni Gourde.
3:18 of 3rd period - Oscar Klefbom is hit by David Savard and loses puck.
3:25 of 3rd period - Alexander Semin is hit by Yanni Gourde and loses puck.
3:54 of 3rd period - Wrist shot by Brad Marchand.
3:54 of 3rd period - Stopped by James Reimer with a rebound.
4:14 of 3rd period - Wrist shot by Leon Draisaitl.
4:14 of 3rd period - Shot Misses the Net.
4:16 of 3rd period - Minor Penalty to Erik Johnson for Interference.
4:17 of 3rd period - Ryan O'Reilly wins face-off versus Eric Staal in Flames zone.
4:26 of 3rd period - Wrist shot by Taylor Hall.
4:26 of 3rd period - Stopped by Henrik Lundqvist with a rebound.
5:34 of 3rd period - David Backes is hit by Jordan Eberle and loses puck.
6:16 of 3rd period - Penalty to Erik Johnson is over, Erik Johnson is back on ice.
6:16 of 3rd period - Snap shot by Tanner Pearson.
6:16 of 3rd period - Stopped by James Reimer without a rebound.
6:17 of 3rd period - Yanni Gourde wins face-off versus Anders Lee in Oilers zone.
6:24 of 3rd period - Snap shot by Yanni Gourde.
6:24 of 3rd period - Stopped by Henrik Lundqvist without a rebound.
6:25 of 3rd period - Anders Lee wins face-off versus Yanni Gourde in Flames zone.
6:46 of 3rd period - Wrist shot by Kyle Palmieri.
6:46 of 3rd period - Stopped by James Reimer with a rebound.
6:48 of 3rd period - Snap shot by Anders Lee.
6:48 of 3rd period - Stopped by James Reimer with a rebound.
6:50 of 3rd period - Slapshot by David Ullstrom.
6:50 of 3rd period - Goal by David Ullstrom - Oilers : 2 - Flames : 2.
6:51 of 3rd period - Ryan O'Reilly wins face-off versus Eric Staal in neutral zone.
7:03 of 3rd period - Wrist shot by Ryan O'Reilly.
7:03 of 3rd period - Stopped by Henrik Lundqvist with a rebound.
7:25 of 3rd period - Wrist shot by Brad Marchand.
7:25 of 3rd period - Shot Misses the Net.
7:47 of 3rd period - Backhand shot by Leon Draisaitl.
7:47 of 3rd period - Stopped by Henrik Lundqvist without a rebound.
7:48 of 3rd period - Ryan O'Reilly wins face-off versus Alexander Semin in Flames zone.
8:01 of 3rd period - Snap shot by Ryan O'Reilly.
8:01 of 3rd period - Goal by Ryan O'Reilly - Oilers : 3 - Flames : 2.
8:02 of 3rd period - Eric Staal wins face-off versus Ryan O'Reilly in neutral zone.
8:22 of 3rd period - Minor Penalty to Darnell Nurse for Boarding.
8:23 of 3rd period - David Backes wins face-off versus Taylor Hall in Oilers zone.
8:35 of 3rd period - Off-side.
8:36 of 3rd period - Taylor Hall wins face-off versus Eric Staal in neutral zone.
9:35 of 3rd period - Off-side.
9:36 of 3rd period - Patrik Berglund wins face-off versus Ryan O'Reilly in neutral zone.
10:22 of 3rd period - Penalty to Darnell Nurse is over, Darnell Nurse is back on ice.
10:41 of 3rd period - Erik Johnson is hit by Nail Yakupov and loses puck.
10:59 of 3rd period - Colin Wilson is hit by Frederik Gauthier and loses puck.
11:05 of 3rd period - Off-side.
11:06 of 3rd period - Connor McDavid wins face-off versus Eric Staal in neutral zone.
12:16 of 3rd period - Off-side.
12:17 of 3rd period - Bryan Rust wins face-off versus Frederik Gauthier in neutral zone.
12:31 of 3rd period - Slapshot by Rasmus Ristolainen.
12:31 of 3rd period - Shot Blocked by Sami Vatanen.
12:33 of 3rd period - Snap shot by Kasperi Kapanen.
12:33 of 3rd period - Stopped by Henrik Lundqvist without a rebound.
12:34 of 3rd period - Ryan O'Reilly wins face-off versus Eric Staal in Flames zone.
13:31 of 3rd period - Snap shot by Yanni Gourde.
13:31 of 3rd period - Stopped by Henrik Lundqvist with a rebound.
14:30 of 3rd period - Snap shot by Connor McDavid.
14:30 of 3rd period - Stopped by Henrik Lundqvist without a rebound.
14:31 of 3rd period - Patrik Berglund wins face-off versus Connor McDavid in Flames zone.
14:36 of 3rd period - Wrist shot by Connor McDavid.
14:36 of 3rd period - Stopped by Henrik Lundqvist without a rebound.
14:37 of 3rd period - Ryan O'Reilly wins face-off versus Patrik Berglund in Flames zone.
14:40 of 3rd period - Wrist shot by Taylor Hall.
14:40 of 3rd period - Stopped by Henrik Lundqvist with a rebound.
14:48 of 3rd period - Snap shot by Brad Marchand.
14:48 of 3rd period - Shot Misses the Net.
14:55 of 3rd period - Minor Penalty to Ryan O'Reilly for Holding.
14:56 of 3rd period - Jordan Eberle wins face-off versus Eric Staal in Oilers zone.
15:28 of 3rd period - Snap shot by Eric Staal.
15:28 of 3rd period - Stopped by James Reimer with a rebound.
15:30 of 3rd period - Snap shot by Alexander Semin.
15:30 of 3rd period - Shot Misses the Net.
15:32 of 3rd period - Slapshot by Colby Robak.
15:32 of 3rd period - Stopped by James Reimer with a rebound.
15:34 of 3rd period - Slapshot by Alexander Semin.
15:34 of 3rd period - Shot Blocked by Rasmus Ristolainen.
15:36 of 3rd period - Snap shot by David Backes.
15:36 of 3rd period - Shot Misses the Net.
15:38 of 3rd period - Slapshot by Colby Robak.
15:38 of 3rd period - Deflect By Eric Staal.
15:38 of 3rd period - Shot Blocked by Rasmus Ristolainen.
15:38 of 3rd period - Puck is out of play.
15:39 of 3rd period - Patrik Berglund wins face-off versus Taylor Hall in Oilers zone.
15:56 of 3rd period - Minor Penalty to Brad Marchand for Tripping.
15:57 of 3rd period - Taylor Hall wins face-off versus Eric Staal in Flames zone.
15:58 of 3rd period - Slapshot by Rasmus Ristolainen.
15:58 of 3rd period - Shot Misses the Net.
16:55 of 3rd period - Penalty to Ryan O'Reilly is over, Ryan O'Reilly is back on ice.
17:08 of 3rd period - Slapshot by Rasmus Ristolainen.
17:08 of 3rd period - Stopped by Henrik Lundqvist with a rebound.
17:54 of 3rd period - Slapshot by Rasmus Ristolainen.
17:54 of 3rd period - Deflect By Taylor Hall.
17:54 of 3rd period - Stopped by Henrik Lundqvist with a rebound.
17:56 of 3rd period - Penalty to Brad Marchand is over, Brad Marchand is back on ice.
18:10 of 3rd period - Wrist shot by Patrik Berglund.
18:10 of 3rd period - Shot Misses the Net.
18:28 of 3rd period - Slapshot by Christian Folin.
18:28 of 3rd period - Goal by Christian Folin - Oilers : 3 - Flames : 3.
18:29 of 3rd period - Bryan Rust wins face-off versus Yanni Gourde in neutral zone.
18:42 of 3rd period - Snap shot by Tanner Pearson.
18:42 of 3rd period - Stopped by James Reimer without a rebound.
18:43 of 3rd period - Yanni Gourde wins face-off versus Colin Wilson in Oilers zone.
18:52 of 3rd period - Adam Larsson is hit by Colby Robak.
19:13 of 3rd period - Snap shot by David Backes.
19:13 of 3rd period - Deflect By Eric Staal.
19:13 of 3rd period - Shot Misses the Net.
19:13 of 3rd period - Puck is out of play.
19:14 of 3rd period - Patrik Berglund wins face-off versus Ryan O'Reilly in Oilers zone.
Goals for this period are 1 for Oilers vs 2 for Flames.
Shots for this period are 14 for Oilers vs 9 for Flames.
Overtime #1
0:01 of 1st overtime period - Taylor Hall wins face-off versus Eric Staal in neutral zone.
0:04 of 1st overtime period - Sami Vatanen is hit by Jordan Eberle and loses puck.
0:24 of 1st overtime period - Icing by Jordan Eberle.
0:25 of 1st overtime period - Taylor Hall wins face-off versus Eric Staal in Oilers zone.
0:25 of 1st overtime period - Taylor Hall is hit by Sami Vatanen.
0:50 of 1st overtime period - Benoit Pouliot is hit by Patrik Berglund and loses puck.
1:31 of 1st overtime period - Wrist shot by Leon Draisaitl.
1:31 of 1st overtime period - Deflect By Colby Robak.
1:31 of 1st overtime period - Shot Misses the Net.
1:31 of 1st overtime period - Puck is out of play.
1:32 of 1st overtime period - Eric Staal wins face-off versus Leon Draisaitl in Flames zone.
1:57 of 1st overtime period - Jordan Eberle is hit by Alexander Semin and loses puck.
2:02 of 1st overtime period - Backhand shot by Alexander Semin.
2:02 of 1st overtime period - Deflect By Patrik Berglund.
2:02 of 1st overtime period - Stopped by James Reimer without a rebound.
2:03 of 1st overtime period - Taylor Hall wins face-off versus Eric Staal in Oilers zone.
2:34 of 1st overtime period - Wrist shot by Benoit Pouliot.
2:34 of 1st overtime period - Stopped by Henrik Lundqvist without a rebound.
2:35 of 1st overtime period - Ryan O'Reilly wins face-off versus Patrik Berglund in Flames zone.
2:44 of 1st overtime period - Slapshot by Ryan O'Reilly.
2:44 of 1st overtime period - Goal by Ryan O'Reilly - Oilers : 4 - Flames : 3.
Goals for this period are 1 for Oilers vs 0 for Flames.
Shots for this period are 2 for Oilers vs 1 for Flames.